Map: Heavy Artillery LE

Players

Patatino

  • Race: Terran Terran
  • Spawn Location: 7:00

simozor

  • Race: Zerg Zerg
  • League: Master
  • Spawn Location: 7:00

Massa - Winner!

  • Race: Terran Terran
  • League: Platinum
  • Spawn Location: 3:00

qqq - Winner!

  • Race: Protoss Protoss
  • League: Platinum
  • Spawn Location: 1:00

VOD

Have the link to the VOD?

Description

Time

  • Played on: Sept. 5, 2020, 4:39 p.m.
  • Length: 18:34
Show
View Real Time Build Order
Export as new Build Order

Patatino Terran 

Build Orders:  

Get SALT Encoding   

  12  0:00  SCV  
  13  0:12  SCV  
  14  0:19  Supply Depot  
  14  0:25  SCV  
  15  0:40  SCV  
  15  0:41  Barracks  
  16  0:54  SCV  
  17  1:06  SCV  
  18  1:24  Refinery  
  18  1:29  Marine  
  18  1:32  SCV  
  20  1:35  Command Center  
  20  1:43  Supply Depot  
  20  1:47  Marine  
  20  1:50  Orbital Command  
  21  2:09  Marine  
  22  2:20  SCV  
  22  2:22  Bunker  
  22  2:54  Orbital Command  
  22  2:55  SCV  
  23  3:03  Factory  
  23  3:06  Barracks Reactor  
  23  3:07  SCV  
  24  3:19  SCV  
  25  3:20  SCV  
  26  3:39  SCV x2  
  28  3:48  Starport  
  28  4:07  Barracks Tech Lab  
  28  4:14  Factory Tech Lab  
  28  4:17  SCV x2  
  28  4:22  Engineering Bay x2  
  30  4:34  SCV x2  
  30  4:36  Refinery  
  32  4:39  Marine  
  33  4:49  Terran Infantry Weapons Level 1  
  33  4:57  SCV x2  
  35  5:05  Stimpack  
  35  5:06  Marine  
  36  5:09  SCV x2  
  38  5:15  Refinery  
  38  5:18  Refinery  
  38  5:21  SCV  
  38  5:22  SCV, Terran Infantry Armor Level 1  
  40  5:29  Missile Turret  
  40  5:31  Missile Turret  
  40  5:34  Marine  
  41  5:41  SCV x2  
  43  5:49  Command Center  
  43  5:51  Siege Tank  
  46  6:18  Supply Depot  
  46  6:19  Supply Depot  
  46  6:20  Supply Depot  
  46  6:38  Barracks  
  46  6:39  Marine  
  46  6:40  SCV x2, Barracks, Siege Tank  
  46  6:42  Starport Reactor, Supply Depot  
  46  6:45  Supply Depot  
  52  6:48  Supply Depot  
  52  6:52  SCV x2  
  54  6:57  Marine  
  55  7:15  Marine  
  55  7:21  Orbital Command  
  56  7:33  Marine  
  57  7:37  Barracks Reactor  
  57  7:38  Barracks Reactor  
  57  7:42  Armory  
  57  7:51  Marine  
  58  7:52  Medivac, Siege Tank  
  63  8:01  SCV x2  
  66  8:08  SCV, Marine  
  67  8:13  SCV x2  
  69  8:20  SCV  
  69  8:22  Marine x3  
  69  8:23  Marine  
  69  8:24  Medivac  
  69  8:25  SCV  
  69  8:26  Marine  
  78  8:40  Marine x4  
  75  8:44  Marine  
  71  8:58  Marine x4  
  69  9:04  SCV x3  
  69  9:09  Marine  
  72  9:10  Medivac x2, Siege Tank  
  72  9:16  SCV x2, Marine x3  
  84  9:18  Barracks  
  84  9:22  SCV, Marine  
  86  9:27  Marine  
  86  9:28  SCV  
  86  9:30  Barracks  
  88  9:33  Marine  
  88  9:34  Factory, Marine x2  
  91  9:49  Orbital Command  
  91  9:51  SCV  
  91  9:52  SCV, Marine x4  
  97  10:04  Starport  
  97  10:05  Starport  
  97  10:07  Terran Infantry Weapons Level 2  
  97  10:08  Terran Infantry Armor Level 2  
  97  10:21  SCV x3  
  99  10:26  Marine x5  
  99  10:27  Factory Tech Lab  
  105  10:28  Siege Tank  
  105  10:33  SCV x2  
  109  10:41  SCV  
  109  10:50  Marine x2  
  81  11:29  SCV x3  
  81  11:30  Starport Reactor  
  81  11:32  Starport Reactor  
  79  11:33  Armory  
  79  11:35  Terran Ship Weapons Level 1  
  79  11:36  Marine x4  
  79  11:37  Marine  
  79  11:38  Medivac x2, Siege Tank x2  
  89  11:54  Marine  
  89  12:00  SCV x3  
  93  12:04  Refinery x2  
  92  12:08  Viking x2  
  92  12:09  Marine  
  92  12:10  Marine x3  
  92  12:12  SCV x3, Marine  
  104  12:23  Supply Depot  
  104  12:24  Supply Depot  
  104  12:27  Marine x2  
  105  12:38  Viking x2  
  109  12:44  Marine x3, Viking x2  
  109  12:45  Marine, Viking, Thor  
  109  12:47  Supply Depot  
  109  12:50  Supply Depot  
  124  13:08  Viking, Thor  
  124  13:11  Viking x2  
  136  13:14  Viking  
  136  13:15  Viking  
  120  13:43  Viking x2  
  120  13:44  Viking  
  126  13:50  Terran Ship Weapons Level 2  
  126  13:52  Terran Vehicle And Ship Armor Level 1  
  103  14:16  Viking  
  103  14:17  Viking x5  
  101  14:18  Marine x5  
  101  14:19  Siege Tank  
  117  14:30  Siege Tank  
  120  14:33  SCV x3  
  120  14:36  Marine  
  124  14:46  Marine x2, Viking  
  124  14:47  Marine x2  
  124  14:51  Siege Tank  
  133  14:54  Marine  
  133  14:57  Viking x3  
  140  15:04  Marine  
  141  15:12  Supply Depot  
  141  15:13  Viking x2, Supply Depot  
  141  15:14  Marine  
  141  15:15  Supply Depot  
  141  15:16  Viking, Supply Depot  
  124  15:27  Viking  
  102  15:38  Marine x5  
  102  15:40  Siege Tank x2  
  102  15:42  Viking x2  
  117  15:43  Viking x2  
  121  15:53  Missile Turret  
  121  15:54  SCV x2, Missile Turret  
  121  15:55  Marine  
  121  15:56  Marine x4  
  122  16:09  Terran Vehicle And Ship Armor Level 2  
  122  16:13  Marine  
  123  16:32  Viking x5  
  131  16:33  Marine x5  
  138  16:42  Siege Tank  
  141  16:50  Marine  
  141  16:51  Marine x4  
  146  17:08  Marine x2  
  146  17:09  Marine x3  
  151  17:26  Marine x3  
  109  18:06  Marine  
  109  18:07  Marine x4  
Show
View Real Time Build Order
Export as new Build Order

simozor Zerg 

Build Orders: Hatch First, Muta Ling Bane 

Get SALT Encoding   

  12  0:00  Drone  
  13  0:14  Overlord  
  13  0:22  Drone  
  14  0:34  Drone x2  
  16  0:49  Hatchery  
  15  0:53  Drone  
  16  0:57  Drone  
  16  1:00  Drone  
  18  1:11  Extractor  
  18  1:16  Spawning Pool  
  16  1:19  Drone  
  16  1:23  Drone  
  18  1:30  Drone  
  19  1:40  Drone  
  20  1:52  Overlord  
  20  2:03  Queen x2  
  20  2:04  Drone x2  
  26  2:13  Drone  
  26  2:14  Drone  
  28  2:16  Metabolic Boost  
  28  2:27  Drone  
  28  2:28  Drone  
  30  2:36  Drone  
  31  2:37  Drone  
  32  2:52  Queen  
  32  2:53  Queen  
  32  2:55  Overlord x3  
  36  3:13  Drone x3  
  36  3:17  Drone x2  
  41  3:28  Drone x2  
  41  3:29  Extractor  
  41  3:30  Lair  
  41  3:33  Extractor  
  41  3:36  Extractor  
  41  3:38  Drone  
  41  3:39  Drone  
  42  3:49  Drone  
  42  3:50  Hatchery  
  42  3:52  Drone  
  43  4:01  Drone  
  43  4:02  Drone x3  
  47  4:04  Overlord x2  
  47  4:05  Drone  
  47  4:06  Drone  
  49  4:14  Drone x2  
  51  4:24  Overlord  
  51  4:25  Overlord  
  51  4:30  Spire  
  50  4:32  Drone  
  50  4:33  Baneling Nest  
  50  4:36  Drone x2  
  50  4:37  Drone  
  53  4:45  Drone x4  
  57  4:53  Drone  
  57  4:56  Drone  
  57  4:59  Drone  
  60  5:05  Drone x4  
  64  5:09  Extractor  
  64  5:12  Drone  
  64  5:13  Drone x3  
  67  5:14  Evolution Chamber  
  67  5:16  Drone  
  67  5:17  Drone  
  68  5:23  Overlord  
  68  5:24  Overlord  
  68  5:26  Evolution Chamber  
  68  5:28  Centrifical Hooks  
  67  5:31  Extractor  
  67  5:35  Drone x3  
  67  5:42  Zerg Flyer Weapons Level 1  
  69  5:47  Mutalisk x6  
  69  5:49  Mutalisk  
  83  5:52  Mutalisk  
  83  5:54  Mutalisk  
  87  5:59  Drone x4  
  91  6:08  Mutalisk x2  
  95  6:12  Overlord x3  
  95  6:19  Zerg Melee Weapons Level 1  
  95  6:24  Mutalisk x2  
  99  6:29  Overlord x4  
  99  6:35  Drone  
  99  6:39  Hatchery  
  99  6:40  Mutalisk  
  101  6:50  Mutalisk x3  
  107  7:00  Mutalisk x2  
  89  7:10  Zergling x2  
  89  7:11  Zergling x22  
  101  7:20  Zergling x2  
  101  7:21  Zergling x4  
  101  7:22  Zergling x4  
  98  7:27  Overlord  
  94  7:31  Zergling x4  
  94  7:34  Baneling x23  
  94  7:36  Zergling x8  
  98  7:41  Overlord x4  
  98  7:51  Zergling x12  
  103  7:53  Baneling  
  103  7:54  Baneling x10  
  103  7:56  Zergling x4  
  106  8:04  Zergling x10  
  111  8:06  Drone  
  111  8:09  Drone  
  111  8:11  Roach Warren  
  110  8:15  Overseer  
  110  8:16  Overseer x2  
  110  8:18  Zergling x12  
  115  8:28  Zergling x2  
  115  8:29  Zergling x8  
  114  8:41  Zergling x14  
  108  8:47  Zergling x8  
  108  8:48  Zergling x2  
  103  8:53  Zergling x8  
  102  8:56  Zergling x2  
  102  8:57  Zergling x2  
  104  9:07  Corruptor x2  
  104  9:08  Corruptor x4  
  116  9:12  Corruptor  
  116  9:15  Corruptor  
  120  9:21  Zergling x6  
  123  9:24  Corruptor  
  123  9:31  Corruptor x2  
  124  9:36  Corruptor  
  130  9:41  Overlord x3  
  128  9:54  Overlord x2  
  128  9:55  Overlord  
  126  10:01  Corruptor x3  
  128  10:09  Corruptor  
  128  10:10  Corruptor  
  130  10:15  Corruptor x2  
  130  10:21  Corruptor  
  134  10:24  Zergling x6  
  139  10:32  Zergling x12  
  145  10:48  Zergling x24  
  127  11:09  Drone x11  
  114  11:30  Corruptor x6  
  114  11:31  Corruptor  
  119  11:35  Corruptor  
  119  11:38  Corruptor  
  109  11:43  Corruptor  
  107  11:49  Extractor x2  
  107  11:51  Corruptor  
  107  11:52  Corruptor  
  107  11:55  Corruptor  
  107  11:59  Corruptor  
  109  12:02  Corruptor  
  109  12:06  Corruptor  
  111  12:10  Corruptor  
  113  12:16  Corruptor x2  
  113  12:20  Corruptor  
  119  12:24  Corruptor  
  119  12:28  Corruptor  
  123  12:33  Corruptor  
  123  12:35  Corruptor  
  127  12:39  Corruptor  
  129  12:47  Drone x6  
  129  12:50  Zergling x2  
  129  12:51  Zergling x2  
  137  12:58  Lair  
  137  12:59  Corruptor  
  139  13:05  Drone  
  139  13:06  Drone x4  
  139  13:10  Corruptor  
  146  13:19  Zergling x12  
  126  13:43  Corruptor x6  
  126  13:52  Corruptor x2  
  116  14:11  Corruptor x5  
  123  14:19  Corruptor x2  
  123  14:22  Corruptor  
  124  14:28  Corruptor  
  124  14:30  Corruptor  
  128  14:39  Corruptor x2  
  132  14:48  Corruptor x2  
  132  14:51  Corruptor  
  138  14:55  Corruptor  
  140  15:00  Zergling x2  
  140  15:01  Zergling x6  
  145  15:07  Zergling x8  
  148  15:20  Zergling x18  
  115  15:44  Infestation Pit  
  115  15:46  Zerg Flyer Weapons Level 2  
  114  15:59  Zerg Melee Weapons Level 2  
  114  16:03  Corruptor x2  
  114  16:04  Corruptor  
  118  16:09  Corruptor  
  122  16:18  Hatchery  
  121  16:21  Hive  
  120  16:29  Baneling  
  120  16:30  Baneling x27  
  120  16:31  Baneling x5  
  120  16:38  Corruptor x8  
  120  16:39  Corruptor  
  138  16:51  Corruptor x2  
  132  17:06  Corruptor  
  132  17:07  Corruptor x2  
  131  17:17  Corruptor x2  
  131  17:21  Corruptor  
  137  17:27  Corruptor  
  139  17:36  Corruptor  
  93  18:10  Extractor x2  
Show
View Real Time Build Order
Export as new Build Order

Massa Terran - Winner!

Build Orders: Gas First Reaper Expand 

Get SALT Encoding   

  12  0:01  SCV  
  13  0:13  SCV  
  14  0:25  SCV, Supply Depot  
  15  0:32  Refinery  
  15  0:47  SCV  
  15  0:49  Barracks  
  16  0:59  SCV  
  17  1:11  SCV  
  18  1:23  SCV  
  19  1:36  Reaper, Command Center  
  20  1:52  Supply Depot  
  20  1:59  Orbital Command  
  20  2:12  Factory  
  20  2:20  Marine  
  21  2:38  Marine  
  21  2:55  Orbital Command  
  21  2:56  Reaper  
  21  2:57  SCV  
  23  2:59  Factory Tech Lab  
  23  3:09  Starport, SCV  
  23  3:10  Engineering Bay  
  24  3:19  Refinery  
  24  3:21  SCV  
  25  3:30  Refinery  
  25  3:33  SCV  
  26  3:35  Barracks  
  26  3:50  Medivac  
  26  3:53  Widow Mine  
  30  3:57  SCV x2  
  32  4:09  SCV x2  
  34  4:20  Supply Depot  
  34  4:21  SCV x2  
  34  4:23  Supply Depot  
  36  4:27  Barracks Tech Lab  
  36  4:31  Siege Tank  
  36  4:33  SCV  
  36  4:34  Barracks Reactor  
  36  4:35  SCV  
  41  4:45  SCV, Viking  
  42  4:48  SCV  
  42  4:50  Supply Depot  
  45  4:54  Missile Turret  
  45  4:57  SCV  
  45  4:59  Missile Turret  
  46  5:00  SCV, Marauder  
  49  5:22  Marauder  
  51  5:31  Medivac  
  53  5:37  Missile Turret  
  53  5:38  Engineering Bay  
  53  5:39  Terran Infantry Weapons Level 1  
  53  5:43  Armory  
  53  5:54  SCV x2  
  55  5:59  Marine  
  55  6:00  Marauder, Marine, Missile Turret  
  55  6:03  Siege Tank  
  62  6:06  SCV x2, Stimpack  
  64  6:17  Marine  
  64  6:18  SCV  
  66  6:21  Marauder  
  66  6:24  Command Center  
  68  6:29  Terran Infantry Armor Level 1  
  68  6:32  Terran Vehicle Weapons Level 1  
  68  6:45  Widow Mine  
  68  6:46  Missile Turret  
  70  6:50  Supply Depot  
  70  6:53  Refinery  
  70  6:57  Supply Depot  
  70  7:03  Supply Depot  
  70  7:09  Missile Turret  
  70  7:11  SCV x2  
  72  7:23  SCV  
  72  7:28  Missile Turret  
  73  7:33  Marauder, Marine x2  
  77  7:38  Widow Mine  
  77  7:41  Orbital Command  
  77  7:42  SCV  
  77  7:43  SCV  
  81  7:51  Marine x2  
  81  7:54  Marauder  
  81  7:56  Terran Infantry Weapons Level 2  
  85  8:04  Missile Turret  
  85  8:08  Command Center  
  85  8:09  Marine  
  86  8:16  Marauder  
  88  8:27  Marine x2  
  90  8:37  Marauder  
  79  8:45  Marine  
  47  8:57  Marine  
  47  8:59  Siege Tank  
  43  9:15  Marine  
  43  9:16  Starport Tech Lab, Orbital Command  
  37  9:17  Terran Infantry Armor Level 2  
  36  9:25  Barracks x2  
  36  9:26  Barracks x2  
  36  9:32  Marine  
  37  9:42  SCV x3  
  40  9:50  Marine  
  41  9:54  Widow Mine, SCV x3  
  46  10:06  SCV x2  
  46  10:07  SCV  
  49  10:08  Marine  
  49  10:09  Command Center  
  50  10:16  Widow Mine  
  50  10:18  SCV  
  50  10:19  SCV x2, Supply Depot x2  
  55  10:24  Marine x3  
  55  10:25  Marine  
  55  10:26  Marine  
  60  10:30  SCV  
  60  10:31  SCV x2  
  60  10:32  Supply Depot  
  63  10:36  Supply Depot  
  63  10:37  Widow Mine  
  63  10:41  Supply Depot  
  63  10:42  Marine x4  
  65  10:43  Supply Depot  
  65  10:44  Marine  
  52  10:58  Widow Mine  
  52  11:00  Marine  
  45  11:07  SCV x2  
  43  11:17  Liberator  
  46  11:19  SCV x2  
  46  11:20  SCV  
  48  11:30  Marine  
  48  11:31  SCV x2  
  48  11:32  SCV  
  51  11:35  Marine x4  
  55  11:43  SCV  
  55  11:44  SCV  
  57  11:52  Marine  
  57  11:53  Marine x3  
  60  11:56  SCV  
  60  11:59  Liberator  
  63  12:10  Marine  
  65  12:18  Planetary Fortress  
  65  12:19  Command Center  
  64  12:35  Command Center  
  64  12:42  Barracks Reactor x2, Barracks Tech Lab x2  
  64  12:58  Orbital Command  
  56  13:30  Missile Turret  
  56  13:32  Marine  
  56  13:33  Marauder, Marine x4, Missile Turret  
  50  13:34  Missile Turret  
  46  13:50  Marine x2  
  46  13:51  Marine x3  
  46  13:52  SCV  
  46  13:53  Factory x2, Marine  
  46  13:54  SCV, Factory  
  53  13:56  SCV  
  53  14:04  SCV  
  53  14:05  Terran Vehicle And Ship Armor Level 1  
  53  14:06  SCV  
  53  14:07  Terran Infantry Weapons Level 3, Terran Infantry Armor Level 3  
  53  14:08  SCV, Marine x3  
  53  14:09  Marauder, Marine  
  61  14:12  Marauder  
  61  14:16  SCV  
  64  14:18  SCV  
  64  14:20  SCV  
  64  14:22  Combat Shield  
  66  14:26  Marine x2  
  66  14:29  SCV  
  66  14:31  SCV, Marauder  
  72  14:32  SCV  
  72  14:36  Refinery  
  72  14:37  Refinery  
  74  14:38  SCV  
  74  14:41  SCV  
  74  14:42  Command Center  
  75  14:46  Planetary Fortress  
  75  14:48  Planetary Fortress  
  75  14:50  SCV  
  75  14:52  SCV  
  75  14:53  SCV  
  76  15:01  Marauder  
  76  15:02  SCV, Marauder, Marine  
  76  15:03  Marine  
  76  15:04  SCV, Marine x2  
  76  15:05  SCV  
  87  15:14  SCV  
  87  15:16  SCV  
  87  15:17  SCV  
  87  15:20  Marine  
  91  15:23  Marauder x2  
  91  15:26  SCV  
  91  15:28  SCV  
  94  15:29  SCV  
  93  15:39  SCV  
  93  15:40  SCV, Concussive Shells  
  95  15:44  Marauder x2  
  95  15:49  Marine x4  
  102  15:51  Factory Tech Lab  
  102  15:52  Factory Tech Lab, Factory Reactor  
  103  16:05  Barracks, Marauder  
  103  16:06  Marauder  
  103  16:07  Barracks, Marine x4  
  103  16:09  Orbital Command, Barracks  
  111  16:12  SCV x5  
  111  16:16  Siege Tank  
  111  16:17  Siege Tank  
  122  16:24  SCV x5, Marine  
  122  16:25  Marine x3  
  130  16:27  Marauder x2  
  135  16:42  Marine  
  135  16:43  Marine x3  
  135  16:44  Neosteel Armor, Hi-Sec Auto Tracking  
  135  16:46  SCV  
  140  16:48  Marauder  
  140  16:49  Refinery, Marauder  
  140  16:51  Refinery  
  140  16:54  Missile Turret  
  144  16:57  Missile Turret  
  144  16:58  SCV, Missile Turret  
  145  17:02  Missile Turret  
  145  17:06  Refinery  
  145  17:13  Missile Turret  
  145  17:18  Missile Turret  
  145  17:20  Supply Depot  
  145  17:21  Missile Turret, Supply Depot  
  145  17:22  Supply Depot  
  145  17:23  Supply Depot  
  145  17:24  Barracks Reactor, Barracks Tech Lab x2, Missile Turret, Supply Depot  
  145  17:34  Missile Turret  
  145  17:40  Missile Turret  
  145  17:41  SCV, Marauder, Marine x4  
  145  17:42  Missile Turret  
  145  17:43  Marauder  
  154  17:46  Barracks Tech Lab  
  154  17:53  SCV  
  154  17:56  Widow Mine x2  
  154  17:57  Missile Turret  
  171  18:01  Missile Turret  
  171  18:03  Marauder  
  171  18:04  Marauder  
  175  18:05  SCV  
  176  18:18  Missile Turret  
Show
View Real Time Build Order
Export as new Build Order

qqq Protoss - Winner!

Build Orders: Phoenix Opening, Carriers, Mass Phoenix 

Get SALT Encoding   

  12  0:01  Probe  
  13  0:13  Probe  
  14  0:28  Probe  
  15  0:31  Pylon  
  15  0:32  Pylon  
  15  0:49  Probe  
  16  0:53  Gateway  
  16  0:58  Pylon  
  16  1:02  Probe  
  17  1:14  Probe  
  18  1:26  Probe  
  19  1:38  Probe  
  20  1:49  Nexus  
  20  1:50  Probe  
  21  1:57  Cybernetics Core  
  21  2:00  Assimilator  
  21  2:02  Probe  
  21  2:07  Assimilator  
  22  2:14  Probe  
  23  2:15  Assimilator  
  23  2:26  Probe  
  24  2:38  Probe  
  24  2:50  Probe  
  25  2:54  Forge  
  25  3:03  Probe  
  26  3:06  Probe  
  26  3:12  Stargate  
  27  3:15  Probe  
  27  3:18  Probe  
  30  3:27  Probe  
  30  3:31  Probe  
  30  3:34  Stargate  
  31  3:39  Pylon  
  31  3:40  Probe (Chrono Boost)  
  32  3:43  Probe (Chrono Boost)  
  33  3:55  Probe (Chrono Boost)  
  35  3:56  Nexus  
  35  3:57  Probe (Chrono Boost)  
  35  3:58  Phoenix  
  35  4:00  Probe (Chrono Boost)  
  38  4:03  Probe  
  38  4:05  Photon Cannon  
  38  4:07  Pylon  
  38  4:09  Probe  
  40  4:15  Probe  
  40  4:16  Phoenix  
  43  4:21  Probe, Assimilator  
  44  4:26  Assimilator  
  44  4:28  Phoenix  
  44  4:29  Probe  
  47  4:33  Probe  
  48  4:40  Photon Cannon  
  48  4:41  Probe  
  48  4:44  Photon Cannon  
  49  4:54  Probe  
  50  5:00  Phoenix  
  50  5:01  Phoenix  
  50  5:07  Probe (Chrono Boost)  
  55  5:12  Photon Cannon  
  55  5:13  Probe (Chrono Boost)  
  56  5:15  Photon Cannon  
  56  5:24  Probe (Chrono Boost)  
  56  5:25  Phoenix  
  59  5:29  Probe (Chrono Boost)  
  59  5:32  Protoss Air Weapons Level 1 (Chrono Boost)  
  59  5:34  Phoenix  
  62  5:39  Probe  
  63  5:50  Phoenix  
  63  5:51  Probe  
  66  6:03  Probe  
  67  6:10  Phoenix  
  69  6:15  Probe, Phoenix  
  72  6:18  Photon Cannon  
  72  6:22  Pylon  
  70  6:27  Probe  
  70  6:31  Fleet Beacon  
  71  6:33  Pylon  
  71  6:34  Assimilator  
  71  6:35  Phoenix  
  71  6:38  Assimilator  
  71  6:39  Probe  
  74  6:40  Phoenix  
  76  6:52  Probe  
  69  7:36  Phoenix x2  
  65  7:39  Probe  
  66  7:51  Probe, Photon Cannon  
  66  7:56  Photon Cannon  
  67  7:58  Phoenix  
  67  7:59  Phoenix, Shield Battery  
  67  8:01  Shield Battery  
  67  8:03  Probe  
  72  8:10  Anion Pulse-Crystals, Nexus  
  72  8:13  Pylon  
  72  8:15  Probe  
  72  8:16  Phoenix, Pylon  
  72  8:17  Carrier (Chrono Boost)  
  72  8:18  Pylon  
  73  8:22  Stargate, Pylon  
  73  8:26  Pylon, Protoss Air Armor Level 1 (Chrono Boost)  
  81  8:28  Probe  
  82  8:36  Nexus  
  82  8:37  Pylon  
  82  8:38  Pylon  
  82  8:40  Pylon  
  82  8:41  Phoenix  
  82  8:43  Pylon  
  90  9:13  Carrier (Chrono Boost)  
  90  9:14  Flux Vanes  
  90  9:18  Phoenix (Chrono Boost)  
  98  9:25  Carrier (Chrono Boost)  
  98  9:26  Probe  
  98  9:28  Probe  
  100  9:36  Carrier  
  100  9:38  Probe  
  107  9:40  Probe  
  108  9:50  Probe  
  108  9:52  Probe  
  110  10:02  Probe  
  110  10:04  Probe  
  110  10:11  Carrier  
  112  10:16  Probe  
  112  10:18  Probe  
  114  10:24  Photon Cannon  
  114  10:25  Carrier  
  114  10:26  Probe, Photon Cannon  
  122  10:28  Probe, Photon Cannon  
  122  10:30  Probe  
  122  10:31  Photon Cannon  
  122  10:33  Photon Cannon  
  122  10:34  Void Ray  
  122  10:35  Photon Cannon  
  123  10:36  Photon Cannon  
  123  10:38  Probe, Shield Battery  
  123  10:39  Photon Cannon  
  123  10:40  Probe, Photon Cannon  
  129  10:43  Probe, Photon Cannon  
  124  10:50  Probe  
  124  10:52  Probe  
  124  10:55  Probe  
  127  11:02  Probe  
  128  11:07  Probe  
  128  11:09  Stargate  
  122  11:23  Void Ray  
  120  11:27  Stargate  
  120  11:28  Stargate  
  120  11:30  Assimilator  
  120  11:31  Stargate  
  109  11:34  Assimilator x2  
  109  11:39  Assimilator  
  96  11:47  Probe (Chrono Boost)  
  94  11:59  Probe (Chrono Boost)  
  94  12:03  Pylon, Void Ray  
  94  12:05  Pylon  
  94  12:06  Pylon  
  94  12:07  Probe (Chrono Boost)  
  95  12:11  Pylon  
  95  12:12  Carrier, Pylon  
  95  12:13  Probe x2, Void Ray  
  97  12:18  Carrier x2  
  97  12:21  Pylon  
  113  12:24  Pylon  
  113  12:25  Probe x2  
  113  12:26  Pylon  
  115  12:30  Probe x3  
  118  12:38  Probe  
  118  12:40  Photon Cannon, Void Ray  
  118  12:42  Probe x3  
  122  12:46  Protoss Air Weapons Level 2  
  127  12:51  Probe (Chrono Boost)  
  127  12:54  Probe (Chrono Boost)  
  127  12:55  Void Ray  
  127  12:58  Probe x2 (Chrono Boost)  
  130  13:03  Void Ray  
  136  13:06  Probe (Chrono Boost)  
  136  13:07  Probe (Chrono Boost)  
  136  13:09  Probe (Chrono Boost)  
  136  13:10  Void Ray  
  136  13:11  Probe (Chrono Boost)  
  142  13:14  Probe  
  142  13:16  Void Ray x2  
  147  13:20  Robotics Facility  
  147  13:21  Probe  
  147  13:26  Probe  
  157  13:33  Probe  
  148  13:37  Void Ray x2  
  148  13:38  Probe  
  148  13:40  Void Ray  
  132  13:50  Probe  
  132  13:55  Photon Cannon  
  127  13:57  Pylon  
  127  13:58  Pylon  
  121  14:07  Photon Cannon, Void Ray  
  121  14:09  Photon Cannon  
  121  14:12  Carrier x2  
  121  14:14  Probe x2  
  139  14:25  Observer  
  139  14:26  Probe x2  
  139  14:30  Carrier  
  148  14:32  Phoenix  
  151  14:38  Probe x2  
  152  14:46  Observer, Photon Cannon  
  152  14:49  Photon Cannon  
  152  14:50  Probe x2  
  155  14:55  Mothership  
  163  15:02  Probe  
  163  15:03  Probe  
  163  15:05  Carrier  
  171  15:07  Observer  
  172  15:14  Probe  
  172  15:15  Probe  
  172  15:16  Pylon  
  164  15:28  Void Ray x4  
  160  15:46  Carrier  
  166  16:02  Void Ray  
  166  16:03  Void Ray  
  158  16:05  Void Ray  
  166  16:11  Phoenix  
  168  16:21  Carrier  
  174  16:39  Pylon  
  174  16:40  Gateway  
  174  16:42  Pylon  
  174  16:45  Pylon  
  174  16:46  Void Ray  
  174  16:50  Carrier  
  174  16:51  Tempest  
  189  16:59  Pylon  
  171  17:01  Pylon  
  171  17:04  Probe  
  165  17:08  Pylon  
  165  17:10  Pylon  
  165  17:12  Pylon  
  165  17:15  Pylon  
  165  17:16  Probe (Chrono Boost), Photon Cannon  
  165  17:18  Photon Cannon  
  165  17:20  Photon Cannon  
  165  17:22  Photon Cannon  
  166  17:28  Probe (Chrono Boost)  
  167  17:34  Photon Cannon  
  167  17:35  Probe (Chrono Boost)  
  167  17:36  Photon Cannon  
  168  17:39  Photon Cannon  
  168  17:40  Photon Cannon  
  168  17:42  Shield Battery  
  168  17:43  Probe, Shield Battery  
  151  17:45  Photon Cannon  
  151  17:46  Photon Cannon  
  151  17:49  Photon Cannon  
  129  17:55  Probe  
Tags
 
Add a new tag
Caveats
  • Supply blocks, unpowered buildings, or Contaminate may cause inaccurate times.
  • Supply counts are checked every 10 seconds.